 Dungeon Crawl Stone Soup version 0.29-a0-251-g80730f7218 (webtiles) character file.

Game seed: 1468642279394783959

202 dolemite99 the Digger (level 5, 0/37 HPs)
             Began as a Gnoll Earth Elementalist on Mar 5, 2022.
             Slain by an orc warrior
             ... wielding a +0 halberd
              (14 damage)
             ... on level 3 of the Dungeon.
             The game lasted 00:02:22 (3053 turns).

dolemite99 the Digger (Gnoll Earth Elementalist)    Turns: 3053, Time: 00:02:22

Health: 0/37       AC:  2    Str:  7    XL:     5   Next: 80%
Magic:  2/12       EV: 13    Int: 16    God:
Gold:   118        SH:  0    Dex: 13    Spells: 10/14 levels left

rFire   . . .      SeeInvis .   e - +1 dagger
rCold   . . .      Faith    .   (no shield)
rNeg    . . .      Spirit   .   b - +0 robe
rPois   .          Reflect  .   (no helmet)
rElec   .          Harm     .   (no cloak)
rCorr   .          Rampage  .   (no gloves)
Will    .....                   (no boots)
Stlth   +++.......              (no amulet)
HPRegen 0.12/turn               (no ring)
MPRegen 0.13/turn               (no ring)

@: no status effects
A: fangs 1, strong nose, distributed training
a: no special abilities


You were on level 3 of the Dungeon.
You visited 1 branch of the dungeon, and saw 3 of its levels.

You collected 118 gold pieces.

Inventory:

Hand Weapons
 e - a +1 dagger (weapon)
 f - a +0 quarterstaff
 i - a +2 antimagic short sword
Missiles
 k - 3 poisoned darts
Armour
 b - a +0 robe (worn)
 c - a +0 ring mail
Jewellery
 d - a +6 ring of dexterity
 g - an amulet of magic regeneration
Scrolls
 j - a scroll of amnesia {unknown}
 m - a scroll of noise {unknown}
 n - a scroll of identify {unknown}
 o - a scroll of magic mapping {unknown}
Potions
 a - 2 potions of lignification {unknown}
 h - a potion of ambrosia {unknown}
 p - a potion of haste {unknown}


   Skills:
 + Level 1.6 Fighting
 + Level 1.6 Short Blades
 + Level 1.6 Long Blades
 + Level 1.6 Axes
 + Level 1.6 Maces & Flails
 + Level 1.6 Polearms
 + Level 1.6 Staves
 + Level 1.6 Slings
 + Level 1.6 Bows
 + Level 1.6 Crossbows
 + Level 1.6 Throwing
 + Level 1.6 Armour
 + Level 4.8 Dodging
 + Level 4.4 Stealth
 + Level 1.6 Shields
 + Level 1.6 Unarmed Combat
 + Level 5.2 Spellcasting
 + Level 1.3 Conjurations
 + Level 1.3 Hexes
 + Level 1.3 Summonings
 + Level 1.3 Necromancy
 + Level 1.3 Translocations
 + Level 2.4 Transmutations
 + Level 1.3 Fire Magic
 + Level 1.3 Ice Magic
 + Level 1.3 Air Magic
 + Level 5.6 Earth Magic
 + Level 1.3 Poison Magic
 + Level 1.8 Invocations
 + Level 1.6 Evocations


You had 10 spell levels left.
You knew the following spells:

 Your Spells              Type           Power      Damage    Failure   Level
a - Sandblast             Erth           44%        2d11      1%          1
b - Stone Arrow           Conj/Erth      30%        3d8       11%         3

Your spell library contained the following spells:

 Spells                   Type           Power      Damage    Failure   Level
 Passwall                 Tmut/Erth      14%        N/A       4%          2
 Petrify                  Tmut/Erth      17%        N/A       28%         4


Dungeon Overview and Level Annotations

Branches:
Dungeon (3/15)

Altars:


Innate Abilities, Weirdness & Mutations

You have very sharp teeth.
Your uncanny sense of smell can sniff out nearby items.
Your experience applies equally to all skills.


Message History

You can't see any susceptible monsters within range! (Use Z to cast anyway.) Unknown command.
An orc warrior comes into view. It is wielding a +0 halberd.
An orc warrior is nearby!
An orc warrior is nearby!
You see here an adder skeleton.
Okay, then.
Casting: Stone Arrow (dangerous; 11% risk of failure)
Confirm with . or Enter, or press ? or * to list all spells.
Aiming: Stone Arrow (dangerous; 11% risk of failure)
Press: ? - help, Shift-Dir - straight line, f - orc warrior
Aim: an orc warrior, wielding a +0 halberd and wearing a +0 chain mail (64% to hit)
The stone arrow hits the orc warrior!
The orc warrior is moderately wounded.
The orc warrior hits you from afar with a +0 halberd!
Casting: Stone Arrow (dangerous; 11% risk of failure)
Confirm with . or Enter, or press ? or * to list all spells.
Aiming: Stone Arrow (dangerous; 11% risk of failure)
Press: ? - help, Shift-Dir - straight line, f/p - orc warrior
Aim: an orc warrior, wielding a +0 halberd and wearing a +0 chain mail (moderately wounded, 64% to hit)
The stone arrow misses the orc warrior.
The orc warrior hits you from afar with a +0 halberd!
An orc comes into view. It is wielding a +0 club.
Casting: Stone Arrow (dangerous; 11% risk of failure)
Confirm with . or Enter, or press ? or * to list all spells.
Aiming: Stone Arrow (dangerous; 11% risk of failure)
Press: ? - help, Shift-Dir - straight line, f/p - orc warrior
Aim: an orc warrior, wielding a +0 halberd and wearing a +0 chain mail (moderately wounded, 64% to hit)
The stone arrow misses the orc warrior.
The orc warrior misses you.
Casting: Stone Arrow (dangerous; 11% risk of failure)
Confirm with . or Enter, or press ? or * to list all spells.
Aiming: Stone Arrow (dangerous; 11% risk of failure)
Press: ? - help, Shift-Dir - straight line, f/p - orc warrior
Aim: an orc warrior, wielding a +0 halberd and wearing a +0 chain mail (lightly wounded, 64% to hit)
The stone arrow misses the orc warrior.
The orc warrior closely misses you.
As you read the scroll labelled SUSAHOZA QARUR, it crumbles to dust.
It is a scroll of enchant weapon.
Your +0 dagger glows red for a moment.
The orc warrior hits you from afar with a +0 halberd!
You die...

.... #.# #### #.#
#o# #.# #.#
#.###### #.#
#......# #.#
#######.####.#
#..@.o.o.....#
#.#####.######
###.#####.#
.######.........#
##
........#.#######
.## #########.#
..# #.#
.#############.#
...............#


You could see an orc warrior and an orc.

Vanquished Creatures
  An ogre (D:2)
  Terence (D:3)
  An orc wizard (D:3)
  A gnoll (D:1)
  3 adders
  3 worms
  A dart slug (D:1)
  2 bats
  2 endoplasms
  3 goblins
  2 hobgoblins
  2 kobolds (D:1)
  A quokka (D:2)
  A ball python (D:3)
  2 frilled lizards
  3 rats
29 creatures vanquished.

Notes
Turn   | Place    | Note
-------+----------+-------------------------------------------
     0 | D:1      | dolemite99 the Gnoll Earth Elementalist began the quest for
                  | the Orb.
     0 | D:1      | Reached XP level 1. HP: 13/13 MP: 6/6
   121 | D:1      | Found a faded altar of an unknown god.
   182 | D:1      | You fall into a shaft and drop 1 floor!
   186 | D:2      | Reached XP level 2. HP: 19/19 MP: 5/7
   493 | D:2      | Noticed an ogre
   504 | D:2      | Killed an ogre
   505 | D:2      | Reached skill level 1 in Fighting
   505 | D:2      | Reached skill level 1 in Short Blades
   505 | D:2      | Reached skill level 1 in Long Blades
   505 | D:2      | Reached skill level 1 in Axes
   505 | D:2      | Reached skill level 1 in Maces & Flails
   505 | D:2      | Reached skill level 1 in Polearms
   505 | D:2      | Reached skill level 1 in Staves
   505 | D:2      | Reached skill level 1 in Slings
   505 | D:2      | Reached skill level 1 in Bows
   505 | D:2      | Reached skill level 1 in Crossbows
   505 | D:2      | Reached skill level 1 in Throwing
   505 | D:2      | Reached skill level 1 in Armour
   505 | D:2      | Reached skill level 1 in Shields
   505 | D:2      | Reached skill level 1 in Unarmed Combat
   505 | D:2      | Reached skill level 5 in Spellcasting
   505 | D:2      | Reached skill level 1 in Conjurations
   505 | D:2      | Reached skill level 1 in Hexes
   505 | D:2      | Reached skill level 1 in Summonings
   505 | D:2      | Reached skill level 1 in Necromancy
   505 | D:2      | Reached skill level 1 in Translocations
   505 | D:2      | Reached skill level 1 in Fire Magic
   505 | D:2      | Reached skill level 1 in Ice Magic
   505 | D:2      | Reached skill level 1 in Air Magic
   505 | D:2      | Reached skill level 1 in Poison Magic
   505 | D:2      | Reached skill level 1 in Invocations
   505 | D:2      | Reached skill level 1 in Evocations
   505 | D:2      | Reached XP level 3. HP: 26/26 MP: 4/9
   505 | D:2      | Reached XP level 4. HP: 32/32 MP: 4/11
  1281 | D:2      | Reached XP level 5. HP: 33/37 MP: 8/12
  1991 | D:3      | Noticed Terence
  2015 | D:3      | Killed Terence
  2580 | D:3      | Learned a level 3 spell: Stone Arrow
  3011 | D:3      | Noticed an orc warrior
  3053 | D:3      | Slain by an orc warrior

Illustrated notes

Levels and vault maps discovered:
D:1:      lordsloth_arrival_two_stooges, layout_loops_ring,
          chequers_ecumenical_altar_island, hangedman_decor_clover_reticule
D:2:      layout_basic
D:3:      layout_loops_ring, grunt_ministairs_6, dk_noncrumbling_2, uniq_terence

Skill      XL: |  1  2 |
---------------+-------+-----
Transmutations | 2 |  2.4
Fighting       | 1 |  1.6
Short Blades   | 1 |  1.6
Long Blades    | 1 |  1.6
Axes           | 1 |  1.6
Maces & Flails | 1 |  1.6
Polearms       | 1 |  1.6
Staves         | 1 |  1.6
Slings         | 1 |  1.6
Bows           | 1 |  1.6
Crossbows      | 1 |  1.6
Throwing       | 1 |  1.6
Armour         | 1 |  1.6
Shields        | 1 |  1.6
Unarmed Combat | 1 |  1.6
Spellcasting   | 5 |  5.2
Conjurations   | 1 |  1.3
Hexes          | 1 |  1.3
Summonings     | 1 |  1.3
Necromancy     | 1 |  1.3
Translocations | 1 |  1.3
Fire Magic     | 1 |  1.3
Ice Magic      | 1 |  1.3
Air Magic      | 1 |  1.3
Poison Magic   | 1 |  1.3
Invocations    | 1 |  1.8
Evocations     | 1 |  1.6
Dodging        | |  4.8
Stealth        | |  4.4
Earth Magic    | |  5.6

Action                   |  1- 3 |  4- 6 || total
-------------------------+-------+-------++-------
Melee: Dagger            |     3 |     9 ||    12
       Bite              |     1 |     3 ||     4
 Cast: Sandblast         |    13 |    35 ||    48
       Stone Arrow       |       |    10 ||    10
  Use: Scroll            |       |     1 ||     1
Armor: Robe              |     1 |     1 ||     2
Dodge: Dodged            |     6 |    20 ||    26

Table legend: (Time is in decaauts)
 A = Elapsed time spent in this place.
 B = Non-inter-level travel time spent in this place.
 C = Inter-level travel time spent in this place.
 D = Time resting spent in this place.
 E = Time spent auto-exploring this place.
 F = Levels seen in this place.
 G = Mean time per level.
                   A        B        C        D        E       F      G
               +--------+--------+--------+--------+--------+-----+--------+
         Total |   3052 |   2992 |     60 |    923 |   1698 |   3 | 1017.3 |
       Dungeon |   3052 |   2992 |     60 |    923 |   1698 |   3 | 1017.3 |
               +--------+--------+--------+--------+--------+-----+--------+

Top non-repeatable levels by time:
     D:2: 1294 daAuts
     D:3: 1127 daAuts
     D:1: 631 daAuts
